 Dungeon Crawl Stone Soup version 0.31.0-32-g396128a36d (webtiles) character file.

Game seed: 527625336287091592

1565 Murmeli the Chopper (level 8, -1/61 HPs)
             Began as a Demonspawn Fighter on Apr 22, 2024.
             Slain by a rust devil (12 damage)
             ... summoned by a kobold demonologist
             ... on level 6 of the Dungeon.
             The game lasted 00:20:51 (4738 turns).

Murmeli the Chopper (Demonspawn Fighter)            Turns: 4738, Time: 00:20:53

Health: -1/61      AC: -7    Str: 18    XL:     8   Next: 59%
Magic:  8/8        EV:  4    Int:  9    God:
Gold:   271        SH:  9    Dex: 13    Spells: 7/7 levels left

rFire   . . .        a - +0 war axe (drain)
rCold   . . .        h - +0 kite shield
rNeg    . . .        z - +0 plate armour
rPois   .            (no helmet)
rElec   +            (no cloak)
rCorr   .            (no gloves)
SInv    .            (no boots)
Will    +....        (no amulet) Stlth
                     g - ring of willpower
HPRegen 0.30/turn    (no ring)
MPRegen 0.11/turn

%: no passive effects
@: corroded
A: claws 2, thin metallic scales 3, demonic magic 1
a: no special abilities


You were on level 6 of the Dungeon.
You visited 1 branch of the dungeon, and saw 6 of its levels.

You collected 271 gold pieces.

Inventory:

Hand Weapons
 a - a +0 war axe of draining (weapon)
Missiles
 m - 3 poisoned darts (quivered)
 y - 3 boomerangs
Armour
 h - a +0 kite shield (worn)
 t - a +0 pair of boots
 z - a +0 plate armour (worn)
Jewellery
 g - a ring of willpower (left claw)
 u - a ring of wizardry
Talismans
 e - a beast talisman
Wands
 p - a wand of roots (3)
 w - a wand of charming (6)
 B - a wand of polymorph (4)
Scrolls
 b - 2 scrolls of revelation
 c - 4 scrolls of amnesia
 f - 6 scrolls of identify
 i - 2 scrolls of fog
 j - 4 scrolls of teleportation
Potions
 k - a potion of curing
 o - a potion of brilliance {unknown}
 r - 4 potions of haste {unknown}
 x - a potion of ambrosia {unknown}


   Skills:
 + Level 4.7 Fighting
 + Level 6.5 Axes
 + Level 2.9 Throwing
 + Level 4.8 Armour
 + Level 2.0 Dodging
 + Level 0.3 Stealth
 + Level 4.4 Shields


You had 7 spell levels left.
You didn't know any spells.
Your spell library contained the following spells:

 Spells                   Type           Power      Damage    Failure   Level
 Apportation              Tloc           0%         N/A       100%        1
 Necrotise                Necr           0%         1d4       100%        1
 Sting                    Conj/Alch      0%         1d3       100%        1
 Summon Small Mammal      Summ           0%         N/A       100%        1
 Call Imp                 Summ           0%         N/A       100%        2
 Ensorcelled Hibernation  Hex/Ice        0%         N/A       100%        2
 Static Discharge         Conj/Air       0%         3-3/arc   100%        2
 Sublimation of Blood     Necr           0%         N/A       100%        2
 Dazzling Flash           Conj/Hex       0%         N/A       100%        3
 Fugue of the Fallen      Necr           0%         N/A       100%        3
 Volatile Blastmotes      Fire/Tloc      0%         2d10      100%        3
 Airstrike                Air            0%         2d(0-16)  100%        4
 Anguish                  Hex/Necr       0%         N/A       100%        4
 Martyr's Knell           Necr/Summ      0%         N/A       100%        4
 Summon Blazeheart Golem  Fire/Summ      0%         N/A       100%        4
 Summon Lightning Spire   Summ/Air       0%         N/A       100%        4
 Starburst                Conj/Fire      0%         6d3       100%        6
 Summon Cactus Giant      Summ           0%         N/A       100%        6
 Summon Hydra             Summ           0%         N/A       100%        7
 Maxwell's Capacitive Co  Air            0%         ∞         100%        8


Dungeon Overview and Level Annotations

Branches:
Dungeon (6/15)
 Temple: D:4-7

Altars:
Nemelex Xobeh

Shops:
D:4 =


Innate Abilities, Weirdness & Mutations

You have very sharp fingernails.
You are completely covered in thin metallic scales. (AC +4, rElec)
Spells you cast may paralyse adjacent enemies.


Message History

The kobold demonologist hits you with a +0 dagger.
The rust devil hits you. The rust devil corrodes you!
The kobold demonologist hits you with a +0 dagger.
You hit the kobold demonologist but do no damage.
The kobold demonologist is heavily wounded.
You hit the rust devil. You block the rust devil's attack.
The kobold demonologist miscasts a cantrip.
You closely miss the kobold demonologist.
The kobold demonologist is heavily wounded.
You hit the rust devil but do no damage.
The rust devil hits you. The rust devil corrodes you!
The kobold demonologist hits you with a +0 dagger.
You miss the kobold demonologist.
The kobold demonologist is heavily wounded.
You closely miss the rust devil. The rust devil hits you.
The rust devil corrodes you!
The kobold demonologist hits you with a +0 dagger.
The rust devil barely misses you.
You block the kobold demonologist's attack.
You slash the kobold demonologist! You drain the kobold demonologist.
The kobold demonologist is severely wounded.
You hit the rust devil but do no damage.
The iron imp disappears in a puff of smoke!
The quasit disappears in a puff of smoke!
The rust devil hits you. The rust devil corrodes you!
The kobold demonologist looks braver for a moment.
You miss the kobold demonologist.
The kobold demonologist is severely wounded.
You barely miss the rust devil. The rust devil hits you.
* * * LOW HITPOINT WARNING * * *
The rust devil corrodes you!
You block the kobold demonologist's attack.
You barely miss the kobold demonologist.
The kobold demonologist is severely wounded.
You closely miss the rust devil. The rust devil hits you!
* * * LOW HITPOINT WARNING * * *
The rust devil corrodes you!
The kobold demonologist gestures wildly while chanting.
The rust devil hits you!
You die...

***...#* ##...##
#..##
*,...###.....###
##..#
**.............#
#..#
**##....####..#
##.# ********
##....###..# #.#
*,,,,,,*
#......[..# #.#
*****,,*
#...####### ##.#
*,,* #4### #..#
*,** #@# ##.##
*,** #K# #..#
*,,* #.# #...
**,*** *#4# #...
**,,***.(# ##...
***,,,.(#*
##.[## **,,.(.**
##..###
*,)###,** ##..##
*,** **,**
##..##


You could see a hellwing (summoned), a rust devil (summoned) and a kobold
demonologist (very drained).

Vanquished Creatures
  Maggie (D:6)
  An orc warrior (D:6)
  3 black bears
  An ogre (D:6)
  A bullfrog (D:6)
  3 scorpions
  2 bombardier beetles
  2 orc priests (D:6)
  2 hounds
  4 iguanas
  5 orc wizards
  3 adders
  4 gnolls (D:4)
  2 shadow imps (D:4)
  3 white imps (D:4)
  A dart slug (D:3)
  A ribbon worm (D:4)
  15 orcs
  4 bats
  6 endoplasms
  3 giant cockroaches
  4 goblins
  5 hobgoblins
  12 jackals
  3 quokkas
  13 ball pythons
  2 frilled lizards
  7 kobolds
  2 rats
115 creatures vanquished.

Notes
Turn   | Place    | Note
-------+----------+-------------------------------------------
     0 | D:1      | Murmeli the Demonspawn Fighter began the quest for the Orb.
     0 | D:1      | Reached XP level 1. HP: 18/18 MP: 1/1
    90 | D:1      | Reached skill level 2 in Axes
   113 | D:1      | Gained mutation: Spells you cast may paralyse adjacent
                  | enemies. [demonic ancestry]
   113 | D:1      | Reached XP level 2. HP: 20/24 MP: 2/2
   789 | D:2      | Gained mutation: You are partially covered in thin metallic
                  | scales. (AC +2) [demonic ancestry]
   789 | D:2      | Reached XP level 3. HP: 24/29 MP: 3/3
  1118 | D:2      | Found a sparkling altar of Nemelex Xobeh.
  1481 | D:3      | Gained mutation: You have sharp fingernails. [demonic
                  | ancestry]
  1481 | D:3      | Reached XP level 4. HP: 35/35 MP: 4/4
  1495 | D:3      | Reached skill level 3 in Axes
  1760 | D:4      | Noticed a scorpion
  1767 | D:4      | Killed a scorpion
  1768 | D:4      | Gained mutation: You are mostly covered in thin metallic
                  | scales. (AC +3) [demonic ancestry]
  1768 | D:4      | Reached XP level 5. HP: 41/41 MP: 5/5
  1805 | D:4      | Found a sand-covered staircase.
  1900 | D:4      | Reached skill level 4 in Axes
  1900 | D:4      | Reached skill level 1 in Throwing
  1929 | D:4      | Noticed a black bear
  1937 | D:4      | Killed a black bear
  1938 | D:4      | Reached skill level 1 in Dodging
  1938 | D:4      | Gained mutation: You are completely covered in thin
                  | metallic scales. (AC +4, rElec) [demonic ancestry]
  1938 | D:4      | Reached XP level 6. HP: 40/48 MP: 6/6
  1982 | D:4      | Found Leul's Jewellery Shoppe.
  2620 | D:4      | Got the Disquisition on Adjuration
  2644 | D:4      | Gained mutation: You have very sharp fingernails. [demonic
                  | ancestry]
  2644 | D:4      | Reached XP level 7. HP: 48/53 MP: 7/7
  2693 | D:5      | Entered Level 5 of the Dungeon
  2748 | D:5      | Reached skill level 5 in Axes
  3595 | D:6      | Reached XP level 8. HP: 36/61 MP: 8/8
  4025 | D:6      | Reached skill level 6 in Axes
  4704 | D:6      | Noticed Maggie
  4708 | D:6      | Noticed a kobold demonologist
  4726 | D:6      | Killed Maggie
  4729 | D:6      | Noticed a rust devil
  4738 | D:6      | Slain by a rust devil

Illustrated notes

Levels and vault maps discovered:
D:1:      minmay_arrival_checkered_box, layout_loops_ring
D:2:      layout_loops_ring, basic_altar, minmay_hexomino_r4
D:3:      layout_rooms, serial_curves, eino_curves_01, eino_curves_01
D:4:      layout_rooms, lightli_ossuary_entry_decrepit_ruins, serial_shops,
          nicolae_shop_gaudy_bauble, serial_library,
          serial_library_hellmonk_open_square, serial_library_hellmonk_octagon,
          serial_library_regret_index_branch_corner,
          serial_library_regret_index_headful,
          serial_library_hellmonk_semicircle,
          serial_library_hellmonk_angled_corner
D:5:      layout_basic, minmay_misc_feat_roman, amcnicky_mini_pool_small
D:6:      layout_layer_cave, nicolae_overflow_hidden_temple,
          kennysheep_mini_moat, uniq_maggie

Skill      XL: |  1  2  3  4  5  6  7  8 |
---------------+-------------------------+-----
Axes           | 2 3 4 5 6 |  6.5
Armour         | 3 4 |  4.8
Shields        | 3 4 |  4.4
Throwing       | 1 2 |  2.9
Dodging        | 1 2 |  2.0
Fighting       | 4 |  4.7
Stealth        | |  0.3

Action                     |  1- 3 |  4- 6 |  7- 9 || total
---------------------------+-------+-------+-------++-------
  Melee: War axe           |   144 |   153 |   128 ||   425
  Throw: Dart              |    10 |    24 |    37 ||    71
    Use: Scroll            |       |       |    11 ||    11
         Potion            |       |       |     1 ||     1
 Armour: Scale mail        |    99 |   109 |    29 ||   237
         Plate armour      |       |       |    89 ||    89
  Dodge: Dodged            |    64 |    53 |    33 ||   150
  Block: Buckler           |    13 |       |       ||    13
         Kite shield       |    65 |    73 |    57 ||   195
